 Dungeon Crawl Stone Soup version 0.18.1-5-g4a78601 (webtiles) character file.

493 Mefis the Magician (level 6, -7/32 HPs)
             Began as a Deep Elf Wizard on May 15, 2016.
             Mangled by an ogre
             ... wielding a +0 giant spiked club
              (25 damage)
             ... on level 4 of the Dungeon.
             The game lasted 00:09:38 (4113 turns).

Mefis the Magician (Deep Elf Wizard)                Turns: 4113, Time: 00:09:40

Health: -7/32      AC:  3    Str:  4    XL:     6   Next: 92%
Magic:  4/15       EV: 13    Int: 27    God:
Gold:   253        SH:  6    Dex: 13    Spells: 5 memorised, 5 levels left

rFire  . . .     SeeInvis .     m - -1 short sword
rCold  . . .     Gourm    .     a - +0 robe
rNeg   . . .     Faith    .     q - +2 buckler
rPois  .         Spirit   .     b - +0 hat
rElec  .         Dismiss  .     (no cloak)
rCorr  .         Reflect  .     r - +0 pair of gloves
SustAt .         Harm     .     (no boots)
MR     .....                    (no amulet)
Stlth  +++.......               s - +2 ring of intelligence
                                (no ring)

@: very slightly contaminated, not resistant to hostile enchantments, fairly
stealthy
A: no striking features
a: no special abilities


You were on level 4 of the Dungeon.
You were not hungry.

You visited 1 branch of the dungeon, and saw 4 of its levels.

You collected 253 gold pieces.

Inventory:

Hand Weapons
 m - a -1 short sword (weapon)
 E - a +0 hunting sling
Missiles
 l - 50 arrows
 F - 51 stones (quivered)
Armour
 a - a +0 robe (worn)
 b - a +0 hat (worn)
 q - a +2 buckler (worn)
 r - a +0 pair of gloves (worn)
Jewellery
 s - a +2 ring of intelligence (right hand)
Wands
 e - a wand of lightning (6/15)
 w - a wand of random effects (21/48)
 x - a wand of random effects (25/48)
Scrolls
 f - 2 scrolls of fog
 k - a scroll of random uselessness
 o - a scroll of remove curse
 u - a scroll of immolation {unknown}
 y - 2 scrolls of recharging {unknown}
 B - a scroll of enchant weapon {unknown}
 C - 3 scrolls of identify
 I - a scroll of amnesia {unknown}
Potions
 g - a potion of mutation {unknown}
 h - 2 potions of brilliance {unknown}
 i - 2 potions of resistance {unknown}
 j - a potion of agility {unknown}
 n - a potion of berserk rage {unknown}
 p - a potion of heal wounds {unknown}
 t - a potion of might {unknown}
 v - a potion of curing {unknown}
 D - 3 potions of degeneration {unknown}
 G - a potion of haste {unknown}
 H - a potion of lignification {unknown}
Books
 c - a book of Minor Magic

   Spells                             Type                      Level
   a - Magic Dart                     Conjuration                  1
   b - Blink                          Translocation                2
   c - Call Imp                       Summoning                    2
   d - Repel Missiles                 Charms/Air                   2
   e - Slow                           Hexes                        2
   f - Conjure Flame                  Conjuration/Fire             3
   g - Mephitic Cloud                 Conjuration/Poison/Air       3
Comestibles
 d - a bread ration
 z - a beef jerky
 A - 2 meat rations


   Skills:
 + Level 3.9 Dodging
 + Level 4.5 Stealth
 * Level 2.0 Shields
 + Level 5.1 Spellcasting
 * Level 4.0 Conjurations
 - Level 1.1 Summonings
 + Level 2.6 Translocations
 + Level 2.2 Poison Magic


You had 5 spell levels left.
You knew the following spells:

 Your Spells              Type           Power        Failure   Level  Hunger
a - Magic Dart            Conj           ####         1%          1    None
b - Call Imp              Summ           ##......     12%         2    None
c - Blink                 Tloc           N/A          6%          2    None
d - Repel Missiles        Chrm/Air       #.....       17%         2    None
e - Mephitic Cloud        Conj/Pois/Air  ###.....     14%         3    #......


Dungeon Overview and Level Annotations

Branches:
Dungeon (4/15)
 Temple: D:4-7

Altars:
Xom


Message History

Press: ? - help, Shift-Dir - straight line, f/p - ogre
Aim: an ogre, wielding a giant spiked club (heavily wounded)
The magic dart hits the ogre.
The ogre is heavily wounded.
Casting: Magic Dart
Confirm with . or Enter, or press ? or * to list all spells.
Aiming: Magic Dart
Press: ? - help, Shift-Dir - straight line, f/p - ogre
Aim: an ogre, wielding a giant spiked club (heavily wounded)
The magic dart hits the ogre.
The ogre is severely wounded.
The ogre barely misses you.
Casting: Magic Dart
Confirm with . or Enter, or press ? or * to list all spells.
You miscast Blink.
You are very lightly contaminated with residual magic.
Nothing appears to happen.
The ogre hits you with a giant spiked club!!
Ouch! That really hurt!
You die...

.###..###^♣.≈≈##...#####.##.##.##
.### ###.###...........#.##.##
...# # ........................
.#.#..# #......................##
..........######...#######..##.##
.#.### .#. #...# #....... ##.#
#.§.# #.#.#.## # #O..# #.#.#.##
#@..# #<#.#... #...# #.#.#.#.
####...#######.....#.
##.###................
###...#######.####.####.
#.........##...###.# #.
#.#...##.....#.[.#.# ##
#.##.###.###...#.#.### ###.####
#.# ##........#


You could see an ogre.

Vanquished Creatures
  Menkaure (D:4)
  The ghost of Mefis the Magician, an amateur DEWz (D:4)
  2 howler monkeys (D:4)
  Natasha (thrice) (D:2)
  A hound skeleton (D:4)
  4 adders
  2 oozes
  A dart slug (D:2)
  A giant gecko (D:2)
  5 orcs (D:4)
  A ball python (D:2)
  17 bats
  4 giant cockroaches
  10 goblins
  11 hobgoblins
  A jackal (D:2)
  A quokka (D:3)
  2 giant newts
  13 kobolds
  8 rats
89 creatures vanquished.

Notes
Turn   | Place    | Note
--------------------------------------------------------------
     0 | D:1      | Mefis the Deep Elf Wizard began the quest for the Orb.
     0 | D:1      | Reached XP level 1. HP: 10/10 MP: 7/7
   359 | D:1      | Reached XP level 2. HP: 15/15 MP: 6/9
   400 | D:1      | Learned a level 2 spell: Call Imp
   403 | D:1      | Learned a level 2 spell: Blink
   406 | D:1      | Learned a level 2 spell: Repel Missiles
   809 | D:1      | Reached XP level 3. HP: 19/19 MP: 7/10
   814 | D:1      | Learned a level 3 spell: Mephitic Cloud
  1734 | D:2      | Noticed Natasha
  1743 | D:2      | Killed Natasha
  1743 | D:2      | Reached XP level 4. HP: 24/24 MP: 0/12
  2457 | D:2      | Noticed Natasha
  2464 | D:2      | Killed Natasha
  2550 | D:2      | Noticed Natasha
  2559 | D:2      | Killed Natasha
  2559 | D:2      | Reached XP level 5. HP: 22/28 MP: 1/14
  2726 | D:2      | Reached skill level 1 in Shields
  2889 | D:3      | Reached skill level 1 in Poison Magic
  3558 | D:4      | Noticed Mefis's ghost (amateur DEWz)
  3567 | D:4      | Killed Mefis's ghost
  3567 | D:4      | Reached skill level 5 in Spellcasting
  3567 | D:4      | Reached XP level 6. HP: 32/32 MP: 6/15
  3808 | D:4      | Found a shimmering altar of Xom.
  3809 | D:4      | Found a shimmering altar of Xom.
  3867 | D:4      | Found a shimmering altar of Xom.
  3883 | D:4      | Noticed Menkaure
  3892 | D:4      | Killed Menkaure
  4113 | D:4      | Mangled by an ogre

Skill      XL: |  1  2  3  4  5  6 |
---------------+-------------------+-----
Conjurations   | 2 3 4 |  4.0
Stealth        | 3 4 |  4.5
Dodging        | 3 |  3.9
Shields        | 1 2 |  2.0
Poison Magic   | 1 2 |  2.2
Translocations | 2 |  2.6
Spellcasting   | 5 |  5.1
Summonings     | |  1.1

Action                   |  1- 3 |  4- 6 || total
-------------------------+-------+-------++-------
Melee: Unarmed           |    11 |       ||    11
       Short sword       |     4 |     7 ||    11
 Cast: Magic Dart        |    86 |   159 ||   245
       Mephitic Cloud    |     1 |     3 ||     4
       Repel Missiles    |       |     1 ||     1
       Blink             |       |     3 ||     3
       Call Imp          |       |     1 ||     1
  Use: Scroll            |       |     4 ||     4
 Stab: Sleeping          |     3 |     1 ||     4
  Eat: Chunk             |     2 |     5 ||     7
       Bread ration      |       |     1 ||     1
Armor: Robe              |     3 |    10 ||    13
Dodge: Dodged            |    26 |    24 ||    50
       Deflected         |       |     1 ||     1
Block: Buckler           |       |     8 ||     8
